 Dungeon Crawl Stone Soup version 0.28.0-53-g5a82cb258f (webtiles) character file.

Game seed: 13507264373194770456

721 MisterFreud the Covert (level 7, 0/56 (60) HPs)
             Began as a Gnoll Delver on June 3, 2022.
             Was a Believer of Fedhas.
             Slain by a wight
             ... wielding a +2 halberd
              (2 damage)
             ... on level 5 of the Dungeon.
             The game lasted 00:04:43 (3528 turns).

MisterFreud the Covert (Gnoll Delver)               Turns: 3528, Time: 00:04:45

HP:   0/56 (60)     AC: 10    Str: 11    XL:     7   Next: 70%
MP:   10/11         EV: 13    Int: 12    God:    Fedhas [**....]
Gold: 125           SH:  0    Dex: 13    Spells: 11/11 levels left

rFire   . . .      SeeInvis +   j - +6 short sword
rCold   . . .      Faith    .   (no shield)
rNeg    . . .      Spirit   .   b - +0 leather armour
rPois   .          Reflect  .   (no helmet)
rElec   .          Harm     .   a - +0 cloak
rCorr   .          Rampage  .   t - +1 pair of gloves
Will    .....                   (no boots)
Stlth   ++++......              (no amulet)
HPRegen 0.18/turn               i - +4 ring of protection
MPRegen 0.12/turn               k - ring of see invisible

@: drained
A: fangs 1, strong nose, distributed training
a: Renounce Religion, Wall of Briars


You were on level 5 of the Dungeon.
You worshipped Fedhas.
Fedhas was pleased with you.
You visited 1 branch of the dungeon, and saw 6 of its levels.

You collected 125 gold pieces.

Inventory:

Hand Weapons
 j - a +6 short sword (weapon)
 r - a +3 short sword of draining
Missiles
 l - 5 curare-tipped darts (quivered)
Armour
 a - a +0 cloak (worn)
 b - a +0 leather armour (worn)
 t - a +1 pair of gloves (worn)
Jewellery
 i - a +4 ring of protection (left hand)
 k - a ring of see invisible (right hand)
 o - an amulet of the acrobat
Wands
 g - a wand of digging (3)
 s - a wand of iceblast (4)
Scrolls
 c - a scroll of fog
 d - 4 scrolls of magic mapping
 e - a scroll of fear
 m - a scroll of enchant weapon {unknown}
Potions
 f - 2 potions of haste
 h - a potion of mutation
 n - a potion of invisibility
 p - a potion of curing
 q - a potion of degeneration {unknown}
 u - a potion of heal wounds {unknown}


   Skills:
 + Level 7.1 Fighting
 + Level 5.3 Short Blades
 + Level 2.6 Long Blades
 + Level 2.6 Axes
 + Level 2.6 Maces & Flails
 + Level 2.6 Polearms
 + Level 2.6 Staves
 + Level 2.6 Slings
 + Level 2.6 Bows
 + Level 2.6 Crossbows
 + Level 2.6 Throwing
 + Level 2.6 Armour
 + Level 5.3 Dodging
 + Level 10.0 Stealth
 + Level 2.6 Shields
 + Level 2.6 Unarmed Combat
 + Level 2.6 Spellcasting
 + Level 2.1 Conjurations
 + Level 2.1 Hexes
 + Level 2.1 Summonings
 + Level 2.1 Necromancy
 + Level 2.1 Translocations
 + Level 2.1 Transmutations
 + Level 2.1 Fire Magic
 + Level 2.1 Ice Magic
 + Level 2.1 Air Magic
 + Level 2.1 Earth Magic
 + Level 2.1 Poison Magic
 + Level 3.0 Invocations
 + Level 2.6 Evocations


You had 11 spell levels left.
You didn't know any spells.
Your spell library contained the following spells:

 Spells                   Type           Power      Damage    Failure   Level
 Foxfire                  Conj/Fire      24%        2x1d5     14%         1
 Ozocubu's Armour         Ice            6%         N/A       38%         3
 Stone Arrow              Conj/Erth      12%        3d7       38%         3
 Animate Armour           Summ/Erth      12%        N/A       80%         4
 Iskenderun's Battlesphe  Conj           6%         2d6       98%         5
 Metabolic Englaciation   Hex/Ice        3%         N/A       98%         5
 Ozocubu's Refrigeration  Ice            3%         4d5       100%        7
 Lehudib's Crystal Spear  Conj/Erth      3%         10d2      100%        8


Dungeon Overview and Level Annotations

Branches:
Dungeon (6/15)
 Temple: D:4-7

Altars:
Cheibriados
Fedhas

Shops:
D:1 :   D:3 [


Innate Abilities, Weirdness & Mutations

You have very sharp teeth.
Your uncanny sense of smell can sniff out nearby items.
Your experience applies equally to all skills.


Message History

You barely miss the wight. Your bite misses the wight.
The wight is lightly damaged.
You barely miss the wight.
The wight is lightly damaged.
The wight barely misses you.
You hit the wight.
The wight is heavily damaged.
The wight barely misses you.
You barely miss the wight. Your punch misses the wight.
The wight is heavily damaged.
The wight hits you with a +6 scimitar of freezing!
You feel drained. The wight freezes you.
You puncture the wight!
You destroy the wight!
Fedhas accepts your kill.
Your life force feels restored.
Your Stealth skill increases to level 10!
Your Invocations skill increases to level 3!
You hit the wight but do no damage.
The wight is lightly damaged.
You hit the wight but do no damage.
The wight is lightly damaged.
The wight barely misses you. The wight misses you.
You hit the wight but do no damage.
The wight is lightly damaged.
The wight hits you with a +0 great sword!
You hit the wight but do no damage. The wight barely misses you.
The wight hits you with a +0 great sword!
* * * LOW HITPOINT WARNING * * *
You feel drained.
You puncture the wight!
The wight is heavily damaged.
The wight closely misses you. The wight hits you but does no damage.
You closely miss the wight.
The wight is heavily damaged.
The wight hits you from afar with a +2 halberd!
* * * LOW HITPOINT WARNING * * *
You feel drained.
You die...
Fedhas appreciates your contribution to the ecosystem.

##################
.................#
...........zz....#
#######.########z#
..## ### #z# ...#
### #@# ....# ...#
#.## ....#
....###.# ....#
......#.# ...##
.)......# ## ...#
........## #####.
...# .........##
###..... z.##
..........#
#........
..........#
.........


You could see 2 wights.

Vanquished Creatures
  An ogre (D:4)
  A phantom (D:4)
  A bullfrog (D:3)
  A wight (D:5)
  An orc priest (D:3)
  2 hounds (D:4)
  An iron imp (D:3)
  2 iguanas
  Terence (D:2)
  An orc wizard (D:3)
  16 adders
  2 ufetubi (D:4)
  2 dart slugs
  4 orcs
  5 endoplasms
  5 giant cockroaches
  A goblin (D:1)
  11 hobgoblins
  2 jackals (D:4)
  9 kobolds
  5 quokkas
  7 ball pythons
  4 bats (D:1)
  4 frilled lizards
  5 rats
94 creatures vanquished.

Notes
Turn   | Place    | Note
-------+----------+-------------------------------------------
     0 | D:5      | Reached skill level 9 in Stealth
     0 | D:5      | MisterFreud the Gnoll Delver began the quest for the Orb.
     0 | D:5      | Reached XP level 1. HP: 23/23 MP: 1/1
    11 | D:6      | Noticed an iguana
    13 | D:6      | Killed an iguana
    14 | D:6      | Reached XP level 2. HP: 29/29 MP: 2/2
    14 | D:6      | Reached XP level 3. HP: 35/35 MP: 3/3
    66 | D:5      | Reached skill level 1 in Long Blades
    66 | D:5      | Reached skill level 1 in Axes
    66 | D:5      | Reached skill level 1 in Maces & Flails
    66 | D:5      | Reached skill level 1 in Polearms
    66 | D:5      | Reached skill level 1 in Staves
    66 | D:5      | Reached skill level 1 in Slings
    66 | D:5      | Reached skill level 1 in Bows
    66 | D:5      | Reached skill level 1 in Crossbows
    66 | D:5      | Reached skill level 1 in Throwing
    66 | D:5      | Reached skill level 1 in Armour
    66 | D:5      | Reached skill level 1 in Shields
    66 | D:5      | Reached skill level 1 in Unarmed Combat
    66 | D:5      | Reached skill level 1 in Spellcasting
    66 | D:5      | Reached skill level 1 in Invocations
    66 | D:5      | Reached skill level 1 in Evocations
   195 | D:4      | Reached XP level 4. HP: 41/41 MP: 5/5
   333 | D:2      | Reached skill level 1 in Conjurations
   333 | D:2      | Reached skill level 1 in Hexes
   333 | D:2      | Reached skill level 1 in Summonings
   333 | D:2      | Reached skill level 1 in Necromancy
   333 | D:2      | Reached skill level 1 in Translocations
   333 | D:2      | Reached skill level 1 in Transmutations
   333 | D:2      | Reached skill level 1 in Fire Magic
   333 | D:2      | Reached skill level 1 in Ice Magic
   333 | D:2      | Reached skill level 1 in Air Magic
   333 | D:2      | Reached skill level 1 in Earth Magic
   333 | D:2      | Reached skill level 1 in Poison Magic
   471 | D:1      | Reached XP level 5. HP: 32/47 MP: 6/6
   631 | D:1      | Found Eruto's Book Shop.
   791 | D:1      | Found a faded altar of an unknown god.
   800 | D:1      | Prayed at the altar of an unknown god.
   800 | D:1      | Became a worshipper of Fedhas Madash
   800 | D:1      | Reached * piety under Fedhas
  1644 | D:2      | Noticed Terence
  1655 | D:2      | Killed Terence
  1959 | D:3      | Found Huevec's Armour Emporium.
  1965 | D:3      | Reached XP level 6. HP: 52/53 MP: 8/8
  2024 | D:3      | Found a snail-covered altar of Cheibriados.
  2035 | D:3      | Reached skill level 5 in Short Blades
  2035 | D:3      | Reached skill level 5 in Dodging
  2416 | D:3      | Reached ** piety under Fedhas
  2846 | D:4      | Reached XP level 7. HP: 33/59 MP: 10/10
  3486 | D:5      | Got the Catalogue of Conjuration and Snow
  3523 | D:5      | Reached skill level 10 in Stealth
  3528 | D:5      | HP: 2/58 [wight/+2 halberd (9)]
  3528 | D:5      | Slain by a wight

Illustrated notes

Levels and vault maps discovered:
D:1:      wander_arrival_desolate, layout_loops_cross,
          hellmonk_ecumenical_altar_prayer_group, serial_shops,
          nicolae_shop_hallway_plus
D:2:      layout_basic, uniq_terence
D:3:      layout_rooms, slow_altar_1, serial_shops, nicolae_shop_hallway_stairs,
          hex_tiny, corexii_corridor_pit
D:4:      layout_cave_pools
D:5:      layout_cave_pods, kennysheep_path_1
D:6:      layout_basic, temple_statues, abandoned_shop, kennysheep_diamond,
          uniq_duvessa

Skill      XL: |  1  2  3  4  5  6  7 |
---------------+----------------------+-----
Stealth        | 10 | 10.0
Long Blades    | 1 2 |  2.6
Axes           | 1 2 |  2.6
Maces & Flails | 1 2 |  2.6
Polearms       | 1 2 |  2.6
Staves         | 1 2 |  2.6
Slings         | 1 2 |  2.6
Bows           | 1 2 |  2.6
Crossbows      | 1 2 |  2.6
Throwing       | 1 2 |  2.6
Armour         | 1 2 |  2.6
Shields        | 1 2 |  2.6
Unarmed Combat | 1 2 |  2.6
Spellcasting   | 1 2 |  2.6
Invocations    | 1 2 3 |  3.0
Evocations     | 1 2 |  2.6
Conjurations   | 1 2 |  2.1
Hexes          | 1 2 |  2.1
Summonings     | 1 2 |  2.1
Necromancy     | 1 2 |  2.1
Translocations | 1 2 |  2.1
Transmutations | 1 2 |  2.1
Fire Magic     | 1 2 |  2.1
Ice Magic      | 1 2 |  2.1
Air Magic      | 1 2 |  2.1
Earth Magic    | 1 2 |  2.1
Poison Magic   | 1 2 |  2.1
Short Blades   | 5 |  5.3
Dodging        | 5 |  5.3
Fighting       | 7 |  7.1

Action                   |  1- 3 |  4- 6 |  7- 9 || total
-------------------------+-------+-------+-------++-------
Melee: Short sword       |    15 |   172 |    64 ||   251
       Bite              |     1 |    13 |     5 ||    19
       Punch             |       |     2 |     1 ||     3
  Use: Scroll            |       |     4 |       ||     4
 Stab: Sleeping          |     5 |    21 |     9 ||    35
       Distracted        |       |     1 |       ||     1
Armor: Leather armour    |     4 |    43 |    16 ||    63
Dodge: Dodged            |     8 |    88 |    36 ||   132
